 Dungeon Crawl Stone Soup version 0.28.0-43-g3370ac3207 (webtiles) character file.

Game seed: 15151780332335568284

89420 crimpus the Hoplite (level 15, -10/132 (136) HPs)
             Began as a Deep Dwarf Berserker on Mar 11, 2022.
             Was a Believer of Trog.
             Mangled by a pharaoh ant (16 damage)
             ... on level 1 of the Spider Nest on Mar 12, 2022.
             The game lasted 01:08:01 (30815 turns).

crimpus the Hoplite (Deep Dwarf Berserker)         Turns: 30815, Time: 01:08:01

HP:   -10/132 (136) AC: 14    Str: 30    XL:     15   Next: 49%
MP:   12/12 (3)     EV:  9    Int:  8    God:    Trog [**....]
Gold: 2409          SH: 26    Dex: 12    Spells: 14/14 levels left

rFire   . . .      SeeInvis +   o - +3 hand axe (vorpal)
rCold   + . .      Faith    .   q - +0 tower shield
rNeg    + + .      Spirit   .   G - +7 chain mail "Cotui" {rElec MP+9 Str+2}
rPois   .          Reflect  +   F - +2 helmet {SInv}
rElec   +          Harm     .   b - +4 cloak of the Vestibule of Hell {Rampage}
rCorr   .          Rampage  +   X - +0 pair of gloves
Will    ++++.                   (no boots)
Stlth   ..........              m - amulet of reflection
HPRegen 0.00/turn               t - ring of willpower
MPRegen 0.13/turn               v - ring "Kokhag" {rElec rC+ rN+ AC+4}

@: corroded, on berserk cooldown, slowed, studying Armour, lightly drained, very
slow
A: damage resistance, heal wounds, negative energy resistance 1, sense
surroundings 2, no regeneration, deformed body, strong-willed 1, no potion heal
1
a: Heal Wounds, Renounce Religion, Berserk, Trog's Hand


You were on level 1 of the Spider Nest.
You worshipped Trog.
Trog was pleased with you.
You visited 4 branches of the dungeon, and saw 22 of its levels.
You visited 1 bazaar.
You also visited: Bailey and Gauntlet.

You collected 2409 gold pieces.

Inventory:

Hand Weapons
 i - a +5 trident of freezing
 o - a +3 vorpal hand axe (weapon)
 A - the +4 hunting sling "Ywnef" {venom, rPois rF+ rN++ rCorr}
   (You found it on level 7 of the Dungeon)

   Any ammunition fired from it poisons the flesh of those it strikes.
   rF:        It protects you from fire.
   rPois:     It protects you from poison.
   rN:        It greatly protects you from negative energy.
   rCorr:     It protects you from acid and corrosion.
 O - a +1 mace of holy wrath
Missiles
 C - 404 stones (quivered)
 P - 77 sling bullets
 R - 2 throwing nets
Armour
 b - the +4 cloak of the Vestibule of Hell (worn) {Rampage}
   (You acquired it on level 2 of the Dungeon)

   Rampage:   It bestows one free step when moving towards enemies.
 q - a +0 tower shield (worn)
 F - a +2 helmet of see invisible (worn)
 G - the +7 chain mail "Cotui" (worn) {rElec MP+9 Str+2}
   (You found it in a bailey)

   Str:       It affects your strength (+2).
   rElec:     It insulates you from electricity.
   MP:        It affects your magic capacity (+9).
 K - a +3 crystal plate armour
 X - a +0 pair of gloves (worn)
Jewellery
 a - a ring of magical power
 m - an amulet of reflection (around neck)
 s - a +4 ring of evasion
 t - a ring of willpower (left hand)
 v - the ring "Kokhag" (right hand) {rElec rC+ rN+ AC+4}
   (You found it in a Gauntlet)

   [ring of protection]

   AC:        It affects your AC (+4).
   rC:        It protects you from cold.
   rElec:     It insulates you from electricity.
   rN:        It protects you from negative energy.
 y - an amulet of magic regeneration
 H - a ring of flight
 N - a +6 ring of intelligence
 W - a +6 ring of intelligence
Wands
 f - a wand of acid (4)
 k - a wand of paralysis (37)
 l - a wand of digging (3)
 n - a wand of iceblast (16)
 w - a wand of charming (3)
 z - a wand of flame (21)
 B - a wand of mindburst (25)
 E - a wand of polymorph (7)
Scrolls
 d - 4 scrolls of enchant weapon
 h - 8 scrolls of identify
 j - 2 scrolls of immolation
 u - 3 scrolls of fog
 x - 4 scrolls of magic mapping
 D - 2 scrolls of blinking
 L - 2 scrolls of summoning
 M - a scroll of teleportation
 Q - a scroll of vulnerability
 S - 2 scrolls of fear
 T - a scroll of noise
 V - 3 scrolls of enchant armour
Potions
 c - 4 potions of magic
 e - 3 potions of curing
 p - 3 potions of flight
 r - a potion of attraction
 I - a potion of invisibility
 J - a potion of heal wounds
 U - 2 potions of haste
Miscellaneous
 g - a phial of floods


   Skills:
 + Level 9.4 Fighting
 + Level 15.1(15.2) Axes
 - Level 1.1(8.3) Polearms
 + Level 12.1 Armour
 - Level 3.4 Dodging
 * Level 21.1 Shields


You had 14 spell levels left.
You didn't know any spells.
Your spell library was empty.

Dungeon Overview and Level Annotations

Branches:
Dungeon (13/15)            Temple (0/1) D:4            Lair (6/6) D:11
 Shoals (0/4) Lair:2       Spider (1/4) Lair:2        Slime (0/5) Lair:6
    Orc (2/2) D:10            Elf (0/3) Orc:2        Bailey (visited)
Gauntlet (visited)
 Vaults: D:13-14

Altars:
Ashenzari
Fedhas
Gozag
Hepliaklqana
Kikubaaqudgha
Makhleb
Okawaru
Qazlal
Ru
Trog
Vehumet
Wu Jian
Yredelemnul
The Shining One
Beogh
Jiyva
Lugonu

Shops:
D:3 *   D:11 (   Orc:2 =*[

Portals:
Abyss: Lair:6


Innate Abilities, Weirdness & Mutations

You are resistant to damage.
You can heal yourself by infusing magical energy.
You resist negative energy. (rN+)
You passively map the area around you.
You do not regenerate.
Armour fits poorly on your strangely shaped body.
You are strong-willed. (Will+)
Potions are less effective at restoring your health.


Message History

The moth of wrath goads the redback on!
The redback goes berserk!
The moth of wrath goads the redback on!
The redback goes berserk!
You barely miss the pharaoh ant.
The pharaoh ant is severely damaged.
You slash the redback! The pharaoh ant bites you!
* * * LOW HITPOINT WARNING * * *
You partially resist.
You feel drained.
You closely miss the pharaoh ant.
The pharaoh ant is severely damaged.
You barely miss the redback. You hit the redback.
You are no longer berserk.
You are exhausted.
You feel yourself slow down. You block the redback's attack. x2
You hit the pharaoh ant but do no damage.
The pharaoh ant is severely damaged.
You hit the redback but do no damage. You closely miss the redback.
Your skin stops crawling.
You feel less strong-willed. The redback bites you!
* * * LOW HITPOINT WARNING * * *
You block the pharaoh ant's attack. You block the redback's attack. x2
The pharaoh ant bites you but does no damage.
You block the redback's attack.
Your system partially rejects the healing.
You feel much better. You block the redback's attack. x2
The redback bites you.
You are poisoned.
The redback poisons you! You block the pharaoh ant's attack.
The redback bites you but does no damage.
The pharaoh ant bites you. You partially resist.
You feel drained. The redback bites you.
* * * LOW HITPOINT WARNING * * *
The redback bites you!
* * * LOW HITPOINT WARNING * * *
You are more poisoned.
The redback poisons you!
Your system partially rejects the healing.
You feel better. You block the redback's attack. The redback bites you!
* * * LOW HITPOINT WARNING * * *
You block the redback's attack. The pharaoh ant bites you!!
You die...

* #... ,
* * * **
^ #..#
..# , , ,
#..#* ..#
, , ,*
#..# #..*
, ,^, ,,
#..# ..#*
, ,* * *
#..##..#
* , *, ,
##††#..#,
,* * ,
#..#..#,
* ^
#.s@.# *,
,, ,
,##sB##
,, , ^, ,
, ##sy*,
* * , * *
,* #...
*,, * , ,
,,, ,
,###..*
,*** , *
, , , ..#
* * , ..#
, * * * *
.#...s ,
,, ,, ,
>.... **


You could see a moth of wrath, a pharaoh ant and 3 redbacks.

Vanquished Creatures
  A minotaur (Gauntlet)
  Erolcha (D:12)
  9 hydras
  4 catoblepae
  A centaur warrior (D:13)
  16 two-headed ogres
  12 death yaks
  4 ogre magi (Orc:2)
  A tengu warrior (D:12)
  2 thrashing horrors (Lair:6)
  A swamp dragon (shapeshifter) (Lair:6)
  4 lindwurms (Lair:6)
  2 orc knights
  The ghost of cbfl8 the Skirmisher, a novice DrBe of Trog (D:6)
  3 deep elf pyromancers
  An oklob plant (D:6)
  2 orc sorcerers
  A wolf spider (Spider:1)
  3 cyclopes
  A manticore (D:11)
  An ugly thing (Lair:6)
  Maurice (D:9)
  2 moths of wrath (Spider:1)
  14 elephants
  Joseph (D:7)
  3 smoke demons (Lair:6)
  A black mamba (shapeshifter) (D:13)
  3 black mambas
  An unseen horror (D:11)
  A gargoyle (Bailey)
  11 cane toads
  2 kobold demonologists (D:10)
  An efreet (D:13)
  9 komodo dragons
  3 rime drakes
  3 ancient zymes (Lair:6)
  4 trolls
  A polar bear (Lair:2)
  A tarantella (shapeshifter) (Lair:6)
  A meliai zombie (D:11)
  Prince Ribbit (D:5)
  24 blink frogs
  A raiju (Gauntlet)
  A snapping turtle (Lair:2)
  4 culicivoras (Lair:2)
  4 jumping spiders (Spider:1)
  7 shadows
  2 spriggans (Lair:6)
  3 large abominations (Lair:6)
  4 wraiths
  4 vampires
  49 yaks
  2 chaos spawn (Lair:6)
  3 wyverns
  4 basilisks
  6 redbacks (Spider:1)
  3 steam dragons
  Menkaure (D:4)
  4 vampire mosquitoes
  3 wargs
  9 small abominations (Lair:6)
  Duvessa (D:7)
  15 water moccasins
  An acid dragon (D:11)
  A sky beast (D:8)
  15 orc warriors
  2 black bears
  19 ogres
  10 wolves
  3 centaurs
  A phantom (D:6)
  6 kobold brigands
  Blork the orc (D:5)
  A gnoll sergeant (D:4)
  13 bullfrogs
  A water moccasin zombie (D:7)
  A wyvern zombie (D:8)
  Dowan (D:7)
  3 killer bees (D:9)
  16 wights
  8 vampire bats (Bailey)
  2 howler monkeys (D:9)
  3 wolf zombies (Bailey)
  2 electric eels
  A bullfrog zombie (D:6)
  6 centaur zombies
  5 jellies
  8 orc priests
  A hound (D:7)
  A centaur skeleton (D:4)
  3 iguanas
  26 orc wizards
  A hell rat (D:11)
  A killer bee zombie (D:7)
  2 adders (D:3)
  5 gnolls (D:4)
  A shadow imp (D:7)
  2 white imps
  3 worms (D:2)
  3 dart slugs
  46 orcs
  11 ball pythons
  2 bats
  5 endoplasms
  A giant cockroach (D:3)
  10 goblins
  9 hobgoblins
  6 quokkas
  5 frilled lizards
  20 kobolds
  21 orc zombies (Bailey)
  6 rats
  A toadstool (D:6)
611 creatures vanquished.

Vanquished Creatures (collateral kills)
  2 molten gargoyles (Gauntlet)
  A gargoyle (Gauntlet)
3 creatures vanquished.

Vanquished Creatures (others)
  3 two-headed ogres (Orc:2)
  3 ogres (Orc:2)
  3 orc warriors (Orc:2)
  4 orc priests (Orc:2)
  An orc wizard (Orc:2)
  11 orcs
  A demonic plant (Gauntlet)
  49 fungi
  31 plants
  15 toadstools (D:6)
  14 withered plants (Gauntlet)
135 creatures vanquished.

Grand Total: 749 creatures vanquished

Notes
Turn   | Place    | Note
-------+----------+-------------------------------------------
     0 | D:1      | crimpus the Deep Dwarf Berserker began the quest for the
                  | Orb.
     0 | D:1      | Reached XP level 1. HP: 20/20 MP: 1/1
   138 | D:1      | Reached XP level 2. HP: 22/27 MP: 2/2
   827 | D:2      | Reached XP level 3. HP: 20/33 MP: 3/3
   874 | D:2      | Identified a scroll of acquirement
   874 | D:2      | Acquired the +4 cloak of the Vestibule of Hell {Rampage}
   985 | D:2      | Reached ** piety under Trog
  1129 | D:2      | Gained mutation: Your mind is acute. (Int +2) [potion of
                  | mutation]
  1567 | D:3      | Found an opulent altar of Gozag.
  1662 | D:3      | Reached XP level 4. HP: 42/42 MP: 4/4
  1685 | D:3      | Found Aseuriw's Assorted Antiques.
  2138 | D:4      | Noticed a gnoll sergeant
  2156 | D:4      | Killed a gnoll sergeant
  2157 | D:4      | Reached skill level 5 in Axes
  2157 | D:4      | Reached XP level 5. HP: 49/49 MP: 5/5
  2165 | D:4      | Reached skill level 1 in Shields
  2352 | D:4      | Reached XP level 6. HP: 48/56 MP: 6/6
  2399 | D:4      | Reached *** piety under Trog
  2405 | D:4      | Found a burning altar of Makhleb.
  2523 | D:4      | Noticed Menkaure
  2537 | D:4      | Killed Menkaure
  2762 | D:4      | Found a staircase to the Ecumenical Temple.
  3083 | D:4      | Found a sacrificial altar of Ru.
  3118 | D:5      | Entered Level 5 of the Dungeon
  3128 | D:5      | Found a glowing golden altar of the Shining One.
  3159 | D:5      | Noticed Prince Ribbit
  3160 | D:5      | Noticed a water moccasin
  3161 | D:5      | Reached XP level 7. HP: 47/62 MP: 7/7
  3170 | D:5      | Killed Prince Ribbit
  3176 | D:5      | Noticed Blork the orc
  3188 | D:5      | Reached skill level 5 in Armour
  3199 | D:5      | Killed Blork the orc
  3200 | D:5      | Reached skill level 2 in Shields
  4259 | D:6      | Found an ancient bone altar of Kikubaaqudgha.
  4266 | D:6      | Reached XP level 8. HP: 58/72 MP: 8/8
  4308 | D:6      | Found an iron altar of Okawaru.
  4360 | D:6      | Found a blossoming altar of Fedhas.
  4374 | D:6      | Noticed an oklob plant
  4404 | D:6      | Killed an oklob plant
  4405 | D:6      | Reached skill level 3 in Shields
  5105 | D:6      | Identified the +5 chain mail of the Pits of Slime {*Corrode
                  | rC+++ Str+3 SInv}
  5269 | D:6      | Found a runed translucent gate.
  5269 | D:6      | Found a runed translucent gate.
  5269 | D:6      | Found a runed translucent gate.
  5269 | D:6      | Noticed cbfl8's ghost (novice DrBe)
  5271 | D:6      | Found a basalt altar of Yredelemnul.
  5311 | D:6      | Killed cbfl8's ghost
  5312 | D:6      | Reached skill level 5 in Shields
  5312 | D:6      | Gained mutation: You passively map the area around you.
                  | [Deep Dwarf growth]
  5312 | D:6      | Reached XP level 9. HP: 78/80 MP: 9/9
  5359 | D:6      | Found an ornate altar of the Wu Jian Council.
  5669 | D:7      | Noticed Joseph
  5682 | D:7      | Killed Joseph
  5683 | D:7      | Reached skill level 5 in Fighting
  5683 | D:7      | Reached skill level 6 in Shields
  5839 | D:7      | Reached skill level 7 in Shields
  5844 | D:7      | Identified the +2 robe "Vixitrio" {rC- rN+++ rCorr Int+4}
  5867 | D:7      | Reached skill level 10 in Axes
  6344 | D:7      | Noticed Duvessa
  6345 | D:7      | Noticed Dowan
  6369 | D:7      | Killed Duvessa
  6376 | D:7      | Killed Dowan
  6415 | D:7      | Reached skill level 8 in Shields
  6621 | D:7      | Identified the +4 hunting sling "Ywnef" {venom, rPois rF+
                  | rN++ rCorr}
  6715 | D:7      | Found a broken altar of Ashenzari.
  7245 | D:8      | Reached XP level 10. HP: 88/88 MP: 10/10
  7269 | D:8      | Reached **** piety under Trog
  7697 | D:8      | Found a hazy altar of Hepliaklqana.
  7792 | D:8      | Found a stormy altar of Qazlal.
  8016 | D:9      | Found a flagged portal.
  8037 | Bailey   | Entered a bailey
  8122 | Bailey   | Reached skill level 9 in Shields
  8148 | Bailey   | Noticed a gargoyle
  8161 | Bailey   | Killed a gargoyle
  8438 | Bailey   | Identified the +7 chain mail "Cotui" {rElec MP+9 Str+2}
  8924 | D:9      | Reached skill level 10 in Shields
  8960 | D:9      | Found a viscous altar of Jiyva.
  9436 | D:9      | Noticed a two-headed ogre
  9447 | D:9      | Killed a two-headed ogre
  9487 | D:9      | Noticed Maurice
  9541 | D:9      | Killed Maurice
 10254 | D:10     | Entered Level 10 of the Dungeon
 10403 | D:10     | Found a staircase to the Orcish Mines.
 10425 | D:10     | Noticed a two-headed ogre
 10425 | D:10     | You fall into a shaft and drop 1 floor!
 10436 | D:11     | Reached XP level 11. HP: 78/97 MP: 10/10
 10470 | D:11     | Noticed a death yak
 10471 | D:11     | Noticed a death yak
 10475 | D:11     | Noticed a death yak
 10485 | D:11     | Killed a death yak
 10486 | D:11     | Reached skill level 11 in Shields
 10511 | D:11     | Killed a death yak
 10534 | D:11     | Killed a death yak
 10594 | D:11     | Found a staircase to the Lair.
 10686 | D:11     | Found Eseajide's Firing Range.
 10777 | D:11     | Found a gate leading to a gauntlet.
 10788 | Gauntlet | Entered a Gauntlet
 10788 | Gauntlet | Found a transporter.
 10788 | Gauntlet | Found a transporter.
 10788 | Gauntlet | Found a transporter.
 10832 | Gauntlet | Found a transporter.
 10833 | Gauntlet | Found a transporter.
 10836 | Gauntlet | Found a transporter.
 10849 | Gauntlet | Noticed a sixfirhy
 10853 | Gauntlet | Found a transporter.
 10854 | Gauntlet | Found a transporter.
 10855 | Gauntlet | Found a transporter.
 10855 | Gauntlet | Found a transporter.
 10857 | Gauntlet | Noticed a white ugly thing
 10857 | Gauntlet | Noticed a purple ugly thing
 10871 | Gauntlet | Found a transporter.
 10871 | Gauntlet | Noticed a great orb of eyes
 10873 | Gauntlet | Found a transporter.
 10883 | Gauntlet | Noticed a catoblepas
 10910 | Gauntlet | Found a runed translucent door.
 11040 | Gauntlet | Reached skill level 12 in Shields
 11151 | Gauntlet | Killed a catoblepas
 11156 | Gauntlet | Identified the ring "Kokhag" {rElec rC+ rN+ AC+4}
 11178 | Gauntlet | Noticed a minotaur
 11204 | Gauntlet | Killed a minotaur
 11770 | D:11     | Reached skill level 13 in Shields
 12046 | D:12     | Noticed a deep elf pyromancer
 12165 | D:12     | Killed a deep elf pyromancer
 12212 | D:12     | Noticed a two-headed ogre
 12222 | D:12     | Killed a two-headed ogre
 12223 | D:12     | Reached XP level 12. HP: 77/106 MP: 10/10
 12593 | D:12     | Noticed a tengu warrior
 12607 | D:12     | Killed a tengu warrior
 12677 | D:12     | Noticed a two-headed ogre
 12688 | D:12     | Killed a two-headed ogre
 12960 | D:12     | Reached skill level 14 in Shields
 13125 | D:12     | Lost mutation: Your mind is acute. (Int +2) [potion of
                  | mutation]
 13125 | D:12     | Gained mutation: You are frail. (-10% HP) [potion of
                  | mutation]
 13126 | D:12     | Lost mutation: You are frail. (-10% HP) [potion of
                  | mutation]
 13126 | D:12     | Gained mutation: You are strong-willed. (Will+) [potion of
                  | mutation]
 13126 | D:12     | Gained mutation: Armour fits poorly on your strangely
                  | shaped body. [potion of mutation]
 13126 | D:12     | Gained mutation: Potions are less effective at restoring
                  | your health. [potion of mutation]
 13743 | D:12     | Noticed Erolcha
 13756 | D:12     | Killed Erolcha
 13985 | D:13     | Noticed a centaur warrior
 13994 | D:13     | Killed a centaur warrior
 14525 | D:13     | Reached skill level 15 in Shields
 14783 | D:13     | Noticed a five-headed hydra
 14787 | D:13     | Noticed a death knight
 14828 | D:12     | Killed a five-headed hydra
 14974 | D:10     | Killed a two-headed ogre
 15136 | D:10     | Found a radiant altar of Vehumet.
 16215 | Orc:1    | Entered Level 1 of the Orcish Mines
 16241 | Orc:1    | Noticed a two-headed ogre
 16279 | Orc:1    | Killed a two-headed ogre
 16280 | Orc:1    | Reached XP level 13. HP: 115/115 MP: 6/6
 16756 | Orc:1    | Reached skill level 16 in Shields
 17574 | Orc:2    | Entered Level 2 of the Orcish Mines
 17574 | Orc:2    | Found a flickering gateway to a bazaar.
 17583 | Bazaar   | Entered a bazaar
 17612 | Bazaar   | Found Iblyshre's Book Emporium.
 17642 | Bazaar   | Found Pekhlierch's Antique Armour Shop.
 17698 | Bazaar   | Found Biolunu's Antique Armour Shoppe.
 18057 | Orc:2    | Reached skill level 10 in Armour
 18893 | Orc:2    | Found a staircase to the Elven Halls.
 19029 | Orc:2    | Reached skill level 17 in Shields
 19959 | Orc:2    | Found Oxubih Rai's Book Shoppe.
 19959 | Orc:2    | Found Zuudeus's Jewellery Shop.
 19960 | Orc:2    | Found Hacuqoq's Armour Boutique.
 19960 | Orc:2    | Found Tuosen's General Store.
 20271 | Lair:1   | Entered Level 1 of the Lair of Beasts
 21504 | Lair:1   | Reached skill level 1 in Polearms
 21504 | Lair:1   | Gained mutation: You resist negative energy. (rN+) [Deep
                  | Dwarf growth]
 21504 | Lair:1   | Reached XP level 14. HP: 84/126 MP: 7/7
 22167 | Lair:2   | Reached skill level 18 in Shields
 22681 | Lair:2   | Found a hole to the Spider Nest.
 22998 | Lair:2   | Found a staircase to the Shoals.
 25069 | Lair:4   | Reached skill level 19 in Shields
 25586 | Lair:5   | Found a bloodstained altar of Trog.
 27264 | Lair:6   | Entered Level 6 of the Lair of Beasts
 27941 | Lair:6   | Reached skill level 20 in Shields
 27958 | Lair:6   | Reached XP level 15. HP: 135/135 MP: 7/7
 28477 | Lair:6   | Found a viscous altar of Jiyva.
 28481 | Lair:6   | Found a staircase to the Slime Pits.
 28548 | Lair:6   | Reached skill level 15 in Axes
 29908 | Lair:6   | Found a corrupted altar of Lugonu.
 29908 | Lair:6   | Found a one-way gate to the infinite horrors of the Abyss.
 30096 | Lair:6   | Reached skill level 21 in Shields
 30501 | Spider:1 | Entered Level 1 of the Spider Nest
 30813 | Spider:1 | HP: 2/133 [redback (11)]
 30815 | Spider:1 | Mangled by a pharaoh ant

Illustrated notes

Levels and vault maps discovered:
D:1:      kennysheep_arrival_forest, layout_loops_corners
D:2:      layout_rooms
D:3:      layout_basic, grunt_gozag_breadcrumbs, serial_shops,
          nicolae_shop_behind_doors
D:4:      layout_loops_cross, lemuel_tele_altar, lightli_temple_of_fire,
          minmay_temple_entry_grid, uniq_menkaure
D:5:      layout_loops_cross, mainiacjoe_overflow_cross_hatched,
          serial_co_window_serial, co_window_corner_a, co_window_paths_a,
          co_window_of_opportunity_a, co_window_of_opportunity_a,
          co_window_paths_a, co_window_corner_ca, co_window_corner_b,
          co_window_unsneaky_path_a, co_window_paths_c, glass_columns_b,
          glass_columns_b, glass_columns_b, glass_columns_b, glass_columns_a,
          minmay_misc_feat_plants, uniq_prince_ribbit1, uniq_blork_the_orc
D:6:      layout_cave_pools, kiku_gazebo_garden_becter,
          mainiacjoe_overflow_tiny_flanked, nicolae_yredelemnul_ghost_church,
          tgw_fedhas, pdpol_wu_jian_five_deadly_venoms, hangedman_decor_push
D:7:      layout_cave_pools, ashenzari_altar_1, uniq_joseph, uniq_duvessa
D:8:      layout_loops_corners, mainiacjoe_overflow_concentric_impassable,
          mainiacjoe_overflow_chevrons
D:9:      layout_gridville, enter_bailey_5, jiyva_altar_1, uniq_maurice
D:10:     layout_cave_pods, fiery_altar_vehumet, erik_orc_3
D:11:     layout_basic, dpeg_lair_monsters, gauntlet_entry_generic,
          columned_hall_lemuel, corexii_checkpoint_a, st_stairs_7,
          nicolae_shop_firing_range
D:12:     layout_basic, grunt_ministairs_15, minivault_20, uniq_erolcha
D:13:     layout_rooms
Lair:1:   layout_cave_pods
Lair:2:   layout_cave_shapes, minmay_shoals_entry_hut,
          hellmonk_spider_entry_life_and_decay, beast_lair_carwin_8
Lair:3:   layout_regular_city
Lair:4:   layout_hall_layers
Lair:5:   layout_roguey, basic_altar, grunt_megastairs_1
Lair:6:   hellmonk_lair_end_abyssal_woods, layout_regular_city, slime_altar_1,
          minmay_lindwurm_lava
Spider:1: layout_spider_delve, uniq_louise
Orc:1:    layout_diamond_mine
Orc:2:    st_orc_ogre_mass, layout_diamond_mine, serial_shops, freezing_bzr,
          mines2_david

Skill      XL: |  1  2  3  4  5  6  7  8  9 10 11 12 13 14 15 |
---------------+----------------------------------------------+-----
Fighting       | 3 4 5 6 7 8 9 |  9.4
Axes           | 4 5 6 8 9 10 11 12 13 14 15 | 15.1
Armour         | 3 4 5 6 7 8 9 10 11 12 | 12.1
Shields        | 1 2 5 8 10 13 15 17 20 21 | 21.1
Dodging        | 3 |  3.4
Polearms       | 1 |  1.1

Action                   |  1- 3 |  4- 6 |  7- 9 | 10-12 | 13-15 || total
-------------------------+-------+-------+-------+-------+-------++-------
Melee: Hand axe          |   136 |   128 |   238 |   773 |  1374 ||  2649
       Punch             |     2 |     1 |       |       |       ||     3
       Trident           |       |       |       |    13 |    55 ||    68
Invok: Berserk           |       |     2 |    11 |    43 |    83 ||   139
       Trog's Hand       |       |       |     2 |     3 |    30 ||    35
       Brothers in Arms  |       |       |       |     2 |       ||     2
 Abil: Heal Wounds       |     2 |     1 |     7 |    19 |    20 ||    49
  Use: Potion            |     5 |       |     6 |     8 |     6 ||    25
       Scroll            |     3 |       |     2 |    10 |     7 ||    22
 Stab: Invisible         |       |       |       |     4 |       ||     4
       Distracted        |       |       |       |     1 |       ||     1
       Petrified         |       |       |       |       |     6 ||     6
Armor: Animal skin       |     5 |       |       |       |       ||     5
       Fire dragon scale |    17 |    57 |    20 |       |       ||    94
       Skin              |       |       |    17 |       |       ||    17
       Chain mail        |       |       |    65 |   310 |   355 ||   730
Dodge: Dodged            |    68 |    35 |    34 |   106 |   176 ||   419
Block: Other             |    11 |    18 |     5 |       |       ||    34
       Reflection        |     1 |       |     5 |    16 |    19 ||    41
       Tower shield      |       |       |   169 |   743 |  1259 ||  2171
